 Dungeon Crawl Stone Soup version 0.30-a0-297-g0ec75d9ef4 (webtiles) character file.

Game seed: 9416918251270951953

1023 freelancePsychic the Sneak (level 8, -2/65 HPs)
             Began as a Naga Delver on Oct 18, 2022.
             Was a Believer of Hepliaklqana.
             Slain by an ogre
             ... wielding a +0 giant spiked club
              (24 damage)
             ... on level 6 of the Dungeon.
             The game lasted 00:09:39 (4791 turns).

freelancePsychic the Sneak (Naga Delver)            Turns: 4791, Time: 00:09:40

Health: -2/65      AC: 10    Str: 23    XL:     8   Next: 22%
Magic:  8/8        EV:  7    Int: 10    God:    Hepliaklqana [**....]
Gold:   151        SH:  0    Dex: 13    Spells: 7/7 levels left

rFire   . . .      SeeInvis +    a - +1 morningstar (venom)
rCold   . . .      Faith    .    (no shield)
rNeg    . . .      Spirit   .    q - +2 leather armour {rPois}
rPois   +          Reflect  .    (no helmet)
rElec   .          Harm     .    (no cloak)
rCorr   .          Rampage  .    (no gloves)
Will    +....                    r - +0 barding
Stlth   +++.......               (no amulet)
HPRegen 0.30/turn                v - +6 ring of strength
MPRegen 0.11/turn                (no ring)

@: very slow
A: reduced essence, AC +2, large, see invisible, deformed body, poison
resistance, slowness 2, spit poison 1, naga tail 1
a: Spit Poison, Renounce Religion, Recall Ancestor, Ancestor Identity


You were on level 6 of the Dungeon.
You worshipped Hepliaklqana.
Hepliaklqana was pleased with you.
You visited 2 branches of the dungeon, and saw 7 of its levels.

You collected 151 gold pieces.

Inventory:

Hand Weapons
 a - a +1 morningstar of venom (weapon)
Armour
 b - a +0 leather armour
 n - a +0 buckler
 q - a +2 leather armour of poison resistance (worn)
 r - a +0 barding (worn)
Magical Staves
 e - a staff of cold
Jewellery
 j - a ring of positive energy
 v - a +6 ring of strength (left hand)
 y - the ring of Ogirer {Ice Drain rN+ Will+++ Str-3}
   (You took it off a hobgoblin on level 3 of the Dungeon)

   [ring of ice]

   It enhances your ice magic.
   Str:       It affects your strength (-3).
   rF:        It makes you vulnerable to fire.
   rC:        It protects you from cold.
   rN:        It protects you from negative energy.
   Drain:     It drains your maximum health when unequipped.
   Will:      It greatly increases your willpower.
Wands
 f - a wand of mindburst (5)
 g - a wand of digging (3)
 B - a wand of roots (3)
Scrolls
 c - a scroll of fog
 d - 2 scrolls of magic mapping
 k - 2 scrolls of teleportation {@r4}
 t - a scroll of butterflies
 x - a scroll of summoning
 A - a scroll of immolation
Potions
 h - 2 potions of attraction {unknown}
 i - 2 potions of ambrosia {unknown}
 l - a potion of heal wounds {@q2}
 m - 2 potions of lignification
 o - a potion of magic {unknown}
 p - 2 potions of might {unknown}
 s - 2 potions of mutation {unknown}
 u - 3 potions of haste {@q3}
 w - a potion of brilliance {unknown}
 z - a potion of flight


   Skills:
 - Level 4.9 Fighting
 - Level 2.0 Short Blades
 + Level 6.4 Maces & Flails
 - Level 1.6 Dodging
 - Level 7.3 Stealth
 - Level 4.9 Evocations


You had 7 spell levels left.
You didn't know any spells.
Your spell library contained the following spells:

 Spells                   Type           Power      Damage    Failure   Level
 Ensorcelled Hibernation  Hex/Ice        0%         N/A       54%         2
 Passwall                 Tmut/Erth      0%         N/A       54%         2
 Swiftness                Air            0%         N/A       78%         3


Dungeon Overview and Level Annotations

Branches:
Dungeon (6/15)             Temple (1/1) D:4

Altars:
Ashenzari
Dithmenos
Elyvilon
Fedhas
Gozag
Hepliaklqana
Kikubaaqudgha
Makhleb
Nemelex Xobeh
Okawaru
Qazlal
Ru
Sif Muna
Trog
Vehumet
Wu Jian
Xom
Yredelemnul
Zin
The Shining One


Innate Abilities, Weirdness & Mutations

Your life essence is reduced to manifest your ancestor. (-10% HP)
Your serpentine skin is tough. (AC +2)
You have supernaturally acute eyesight. (SInv)
Armour fits poorly on your strangely shaped body.
Your system is resistant to poisons. (rPois)
You cover ground very slowly.
You can spit poison.
You have a snake-like lower body.


Message History

The ogre shouts!
The scorpion stings you but does no damage.
You thump the scorpion!
The scorpion is poisoned.
The scorpion is heavily wounded.
The scorpion stings you.
Ser Pent casts a spell at the scorpion.
The scorpion resists with some effort.
The scorpion stings you.
You hit the scorpion but do no damage.
The scorpion is severely wounded.
You kill the scorpion!
The ogre hits you with a +0 giant spiked club!!
Ser Pent hits the ice beast with a +0 dagger of draining.
Ser Pent drains the ice beast.
Ser Pent hits the ice beast with a +0 dagger of draining.
Your Maces & Flails skill increases to level 6!
The ice beast hits Ser Pent.
The ice beast freezes Ser Pent.
Ser Pent resists.
Ser Pent gestures at the ice beast while chanting.
The ice beast appears confused.
Ser Pent gestures at the ice beast while chanting.
The ice beast appears confused.
A hound comes into view.
The ice beast hits the ogre.
The ice beast freezes the ogre.
Ser Pent hits the ice beast but does no damage.
The ogre hits you with a +0 giant spiked club!!
You barely miss the ogre.
The ogre is moderately wounded.
The hound closely misses Ser Pent.
Ser Pent hits the ice beast with a +0 dagger of draining!
Ser Pent drains the ice beast.
The ice beast barely misses Ser Pent.
The hound completely misses Ser Pent.
Ser Pent hits the ice beast with a +0 dagger of draining.
Ser Pent drains the ice beast.
The ice beast dies!
Ser Pent hits the ogre with a +0 dagger of draining!
You hit the ogre but do no damage.
The ogre is heavily wounded.
The hound completely misses Ser Pent.
The ogre hits you with a +0 giant spiked club!!
You die...

#.. . #.# .. #.#
#. #.# #.. #.#
#... #.#
#[..<###.#######
#.....@OR..).>..
#..>.###h#######
#......†........
#..#...##...!..#
#...... ##..#.#
##.### .... #
.... ... ...


You could see the friendly Ser Pent the hexer, an ogre (ally target) and a
hound.

Vanquished Creatures
  A water moccasin (D:4)
  2 ogres (D:4)
  2 scorpions
  A hound (D:4)
  An orc priest (D:4)
  Jessica (D:3)
  An orc wizard (D:2)
  3 gnolls (D:2)
  5 adders
  A shadow imp (D:5)
  2 worms
  3 dart slugs
  14 orcs
  5 bats
  5 endoplasms
  4 goblins
  9 hobgoblins
  8 jackals
  3 kobolds
  3 quokkas
  4 ball pythons
  4 rats
82 creatures vanquished.

Vanquished Creatures (collateral kills)
  A black bear (D:5)
  An ice beast (D:6)
  An ogre (D:5)
  4 adders
  4 orcs (D:5)
  A ball python (D:3)
  A goblin (D:3)
  A hobgoblin (D:3)
  A jackal (D:1)
  A kobold (D:3)
  2 bats
  A rat (D:3)
19 creatures vanquished.

Grand Total: 101 creatures vanquished

Notes
Turn   | Place    | Note
-------+----------+-------------------------------------------
     0 | D:5      | freelancePsychic the Naga Delver began the quest for the
                  | Orb.
     0 | D:5      | Reached XP level 1. HP: 21/21 MP: 1/1
    82 | D:4      | HP: 1/21 [hobgoblin (2)]
   168 | D:4      | Noticed an ogre
   173 | D:4      | Noticed an ogre
   184 | D:4      | Killed an ogre
   185 | D:4      | Reached XP level 2. HP: 21/28 MP: 2/2
   185 | D:4      | Reached XP level 3. HP: 26/34 MP: 3/3
   185 | D:4      | Reached XP level 4. HP: 32/42 MP: 4/4
   197 | D:4      | Killed an ogre
   198 | D:4      | Reached XP level 5. HP: 25/49 MP: 5/5
   289 | D:4      | Noticed a water moccasin
   315 | D:4      | Killed a water moccasin
   316 | D:4      | Reached XP level 6. HP: 58/58 MP: 6/6
   786 | D:4      | Reached skill level 1 in Maces & Flails
   902 | D:4      | Found a staircase to the Ecumenical Temple.
  1067 | D:4      | Found a glowing silver altar of Zin.
  1077 | Temple   | Entered the Ecumenical Temple
  1284 | Temple   | Became a worshipper of Hepliaklqana the Forgotten
  1355 | D:4      | Found a white marble altar of Elyvilon.
  1358 | D:4      | Found a shadowy altar of Dithmenos.
  1650 | D:4      | Found a stormy altar of Qazlal.
  1661 | D:4      | Found a shimmering altar of Xom.
  1865 | D:2      | Reached XP level 7. HP: 52/66 MP: 7/7
  2215 | D:1      | Reached * piety under Hepliaklqana
  3236 | D:2      | Reached ** piety under Hepliaklqana
  3237 | D:2      | Remembered your ancestor Ser Pent as a hexer
  3390 | D:3      | Found a sparkling altar of Nemelex Xobeh.
  3590 | D:3      | Identified the ring of Ogirer {Ice Drain rN+ Will+++ Str-3}
  3668 | D:3      | Found an ornate altar of the Wu Jian Council.
  3741 | D:3      | Found a faded altar of an unknown god.
  3956 | D:3      | Noticed Jessica
  3961 | D:3      | Killed Jessica
  3966 | D:3      | Found a shimmering blue altar of Sif Muna.
  4320 | D:5      | Reached skill level 5 in Maces & Flails
  4322 | D:5      | Reached XP level 8. HP: 23/65 MP: 8/8
  4522 | D:5      | Found an ancient bone altar of Kikubaaqudgha.
  4791 | D:6      | Slain by an ogre

Illustrated notes

Levels and vault maps discovered:
D:1:      dpeg_arrival_yet_another_circle, layout_basic, st_stairs_7
D:2:      layout_loops_ring
D:3:      layout_basic, nzn_wu_jian_council_hall, tgw_sif,
          mainiacjoe_overflow_tiny_flanked, basic_ecumenical_altar,
          kennysheep_generic_room_4
D:4:      layout_rooms, overflow_temple_1_default,
          amethyst_overflow_temple_binary, mainiacjoe_overflow_catwalk_spiral,
          minmay_temple_entry_junction
D:5:      layout_basic, mainiacjoe_overflow_brackets
D:6:      minmay_recursive_quarters, layout_rooms, ebering_ghost_inner_flame,
          kennysheep_dice, uniq_eustachio, uniq_edmund, uniq_sigmund
Temple:   grunt_temple_mini_profane

Skill      XL: |  1  2  3  4  5  6  7  8 |
---------------+-------------------------+-----
Evocations     | 3 4 |  4.9
Fighting       | 4 |  4.9
Maces & Flails | 1 5 6 |  6.4
Short Blades   | |  2.0
Dodging        | |  1.6
Stealth        | |  7.3

Action                   |  1- 3 |  4- 6 |  7- 9 || total
-------------------------+-------+-------+-------++-------
Melee: Short sword       |    13 |   129 |       ||   142
       Morningstar       |       |    28 |   132 ||   160
       Punch             |       |     1 |       ||     1
Invok: Ancestor Life: He |       |       |     1 ||     1
       Ancestor Identity |       |       |     1 ||     1
 Abil: Spit Poison       |     4 |    11 |     1 ||    16
Evoke: Wand              |     6 |     7 |       ||    13
  Use: Potion            |     2 |       |       ||     2
       Scroll            |     1 |     1 |    10 ||    12
 Stab: Sleeping          |       |     3 |    12 ||    15
       Confused          |       |       |     1 ||     1
Armor: Leather armour    |       |    44 |    84 ||   128
Dodge: Dodged            |     5 |    91 |    80 ||   176

Table legend: (Time is in decaauts)
 A = Elapsed time spent in this place.
 B = Non-inter-level travel time spent in this place.
 C = Inter-level travel time spent in this place.
 D = Time resting spent in this place.
 E = Time spent auto-exploring this place.
 F = Levels seen in this place.
 G = Mean time per level.
                   A        B        C        D        E       F      G
               +--------+--------+--------+--------+--------+-----+--------+
         Total |   6107 |   5814 |    293 |    182 |   4521 |   7 |  872.4 |
       Dungeon |   5808 |   5569 |    239 |    182 |   4289 |   6 |  968.0 |
        Temple |    299 |    246 |     53 |      0 |    231 |   1 |  299.0 |
               +--------+--------+--------+--------+--------+-----+--------+

Top non-repeatable levels by time:
     D:4: 1471 daAuts
     D:3: 1464 daAuts
     D:2: 1116 daAuts
     D:1: 946 daAuts
     D:5: 802 daAuts
  Temple: 299 daAuts
     D:6: 8 daAuts
